Map: Port Aleksander LE

Players

IIIIIIlllIII - Winner!

  • Race: Terran Terran
  • League: Master
  • Spawn Location: 5:00

noobplayer

  • Race: Terran Terran
  • League: Diamond
  • Spawn Location: 11:00

VOD

Have the link to the VOD?

Description

Time

  • Played on: May 16, 2019, 2:48 p.m.
  • Length: 28:07
Show
View Real Time Build Order
Export as new Build Order

IIIIIIlllIII Terran - Winner!

Build Orders:  

Get SALT Encoding   

  12  0:00  SCV  
  13  0:13  SCV  
  14  0:20  Supply Depot  
  14  0:25  SCV  
  15  0:41  SCV  
  16  0:57  SCV  
  16  0:58  Barracks  
  17  1:10  SCV  
  18  1:22  SCV  
  18  1:25  Command Center  
  19  1:34  SCV  
  20  1:46  Orbital Command  
  20  1:47  Marine  
  21  1:55  Bunker  
  21  1:58  Supply Depot  
  21  2:04  Refinery  
  21  2:11  Refinery  
  21  2:12  SCV  
  21  2:13  Marine  
  23  2:24  SCV  
  24  2:33  Refinery  
  24  2:36  SCV  
  25  2:37  SCV  
  25  2:38  Marine  
  25  2:41  Refinery  
  27  2:44  Engineering Bay  
  27  2:48  SCV  
  27  2:49  SCV  
  29  2:56  Marine  
  30  2:59  Factory  
  30  3:00  SCV  
  31  3:06  SCV  
  31  3:12  SCV  
  33  3:22  Missile Turret  
  33  3:23  Planetary Fortress  
  33  3:27  SCV  
  34  3:40  SCV  
  35  3:44  Missile Turret  
  35  3:45  Bunker  
  35  3:52  SCV  
  36  4:03  SCV  
  36  4:04  SCV  
  37  4:15  SCV  
  37  4:20  SCV  
  38  4:27  SCV  
  38  4:29  Factory Tech Lab  
  38  4:30  Starport  
  39  4:31  Hi-Sec Auto Tracking  
  39  4:35  SCV, Starport  
  39  4:36  Supply Depot  
  40  4:41  Missile Turret  
  40  4:42  SCV  
  41  4:45  Missile Turret  
  41  4:48  SCV, Missile Turret  
  41  4:50  Missile Turret  
  42  4:54  SCV  
  42  4:56  Missile Turret  
  43  5:00  SCV  
  43  5:07  SCV  
  45  5:13  Starport Tech Lab  
  45  5:15  Corvid Reactor  
  45  5:20  SCV  
  46  5:29  SCV, Command Center  
  46  5:30  Supply Depot  
  46  5:32  SCV  
  48  5:36  Neosteel Armor  
  48  5:44  SCV, Supply Depot  
  48  5:45  SCV  
  50  5:56  SCV  
  50  5:57  Raven x2, SCV  
  56  6:04  Command Center  
  56  6:07  Supply Depot  
  56  6:08  SCV  
  56  6:09  SCV  
  58  6:20  SCV, Supply Depot  
  59  6:30  Command Center  
  59  6:40  Raven x2  
  63  7:11  Refinery  
  63  7:13  Refinery, Missile Turret  
  63  7:14  Missile Turret  
  63  7:17  Missile Turret  
  63  7:18  Planetary Fortress  
  63  7:22  Raven, SCV x2  
  65  7:27  Raven  
  69  7:35  Missile Turret  
  69  7:46  Refinery x2  
  67  8:05  Raven  
  67  8:10  Raven  
  71  8:19  Factory Reactor  
  71  8:24  Armory  
  71  8:27  Factory  
  71  8:28  Factory  
  71  8:38  SCV  
  71  8:41  SCV x2  
  74  8:50  SCV  
  74  8:53  SCV x2  
  74  9:02  SCV  
  75  9:11  Raven x2  
  75  9:13  Factory Reactor, Factory Tech Lab  
  75  9:16  Command Center  
  79  9:42  SCV x3  
  79  9:44  Planetary Fortress  
  82  9:47  Refinery  
  82  9:48  Refinery  
  82  9:54  Raven x2, SCV  
  84  10:00  Widow Mine  
  84  10:01  Widow Mine x4  
  93  10:22  Widow Mine x2  
  97  10:37  Raven x2  
  97  10:39  SCV  
  102  10:46  Widow Mine x5  
  112  10:51  SCV  
  113  10:58  SCV x3  
  117  11:07  Widow Mine  
  117  11:10  SCV x3, Terran Vehicle And Ship Armor Level 1  
  122  11:12  Supply Depot  
  122  11:16  Starport x2  
  111  11:20  Raven x2  
  108  11:31  Planetary Fortress  
  107  11:33  SCV x2  
  110  11:45  SCV  
  110  11:47  Planetary Fortress  
  110  11:50  Refinery x2  
  110  12:02  Raven  
  110  12:06  Starport Tech Lab  
  110  12:08  Starport Tech Lab  
  110  12:12  Command Center x2  
  100  12:25  Widow Mine x3  
  100  12:26  Widow Mine x2  
  100  12:29  SCV x3  
  109  12:49  Supply Depot x2  
  109  13:05  Supply Depot  
  109  13:06  Supply Depot  
  109  13:08  Raven  
  109  13:09  Widow Mine, SCV x3  
  109  13:10  Raven x3, Widow Mine  
  124  13:18  Refinery  
  124  13:19  Refinery  
  120  13:21  SCV x3  
  119  13:33  SCV x3  
  114  13:50  Widow Mine  
  114  13:51  Widow Mine x2, Raven  
  114  13:53  Raven  
  124  13:59  SCV x3  
  124  14:02  Raven  
  127  14:13  Drilling Claws  
  107  14:34  Planetary Fortress  
  101  15:16  SCV x4  
  101  15:20  Command Center  
  105  15:28  SCV x3  
  108  15:30  SCV  
  109  15:36  Missile Turret  
  109  15:37  Missile Turret  
  109  15:39  Widow Mine x5  
  109  15:40  SCV x3  
  109  15:42  SCV  
  123  15:45  Command Center  
  123  15:47  Refinery  
  123  15:50  Raven x4  
  123  15:52  Refinery, SCV x2  
  123  16:00  Widow Mine x2  
  121  16:33  Raven  
  121  16:34  Raven x3  
  121  17:16  Raven x2  
  110  18:12  SCV  
  111  18:13  SCV x2  
  113  18:24  SCV  
  113  18:25  Refinery, SCV x2  
  116  18:32  Refinery  
  116  18:37  SCV x3  
  119  18:41  Refinery  
  119  18:45  Refinery  
  119  18:49  SCV x3  
  119  18:50  Planetary Fortress  
  119  18:53  Missile Turret  
  119  18:54  Missile Turret  
  122  19:01  SCV x3  
  125  19:37  Planetary Fortress  
  125  19:39  SCV x2  
  125  19:40  SCV  
  128  19:49  Terran Vehicle And Ship Armor Level 2  
  128  19:51  Raven x2, SCV  
  128  19:52  Widow Mine x5, SCV x2  
  145  19:54  Missile Turret  
  145  19:56  Missile Turret  
  145  20:03  SCV  
  145  20:05  Command Center  
  145  20:06  Command Center  
  146  20:13  Widow Mine  
  146  20:14  Widow Mine x4  
  156  20:35  Widow Mine x5  
  166  20:56  Widow Mine x2  
  166  20:57  Widow Mine x3  
  172  21:18  Widow Mine  
  174  21:21  Raven x3  
  180  21:37  Raven  
  180  21:38  Widow Mine  
  180  21:39  Widow Mine x4  
  192  21:42  Command Center  
  192  21:43  Refinery  
  192  21:45  Missile Turret  
  192  21:48  Missile Turret  
  192  21:50  Refinery  
  192  21:53  Missile Turret  
  192  22:04  Raven x2  
  190  22:57  Planetary Fortress  
  190  23:05  Widow Mine x3  
  198  23:06  Widow Mine x2  
  200  23:38  Planetary Fortress  
  200  23:39  Planetary Fortress  
  180  24:49  Raven  
  180  24:50  Raven x3  
  188  24:54  Widow Mine x5  
  188  24:57  Refinery  
  188  24:59  Refinery  
  198  25:08  Refinery  
  198  25:10  Command Center  
  198  25:14  Refinery  
  198  25:15  Widow Mine  
  200  25:28  Command Center  
  200  25:29  Missile Turret, Command Center  
  200  25:30  Missile Turret  
  200  25:31  Missile Turret x2  
  200  25:32  Refinery  
  200  25:34  Missile Turret  
  194  25:54  Refinery  
Show
View Real Time Build Order
Export as new Build Order

noobplayer Terran 

Build Orders:  

Get SALT Encoding   

  12  0:01  SCV  
  13  0:14  SCV  
  14  0:18  Supply Depot  
  14  0:25  Refinery  
  14  0:29  SCV  
  15  0:41  SCV  
  16  0:46  Barracks  
  16  0:53  SCV  
  17  1:05  SCV  
  18  1:17  SCV  
  19  1:26  Refinery  
  19  1:29  SCV  
  19  1:31  Supply Depot  
  20  1:41  SCV  
  20  1:46  Factory  
  21  1:47  Reaper  
  22  1:55  Orbital Command  
  22  2:19  Reaper  
  23  2:27  SCV  
  24  2:34  Command Center  
  24  2:38  Hellion  
  26  2:45  SCV  
  27  2:51  Reaper  
  27  2:57  SCV  
  29  3:01  Starport  
  29  3:02  Hellion  
  31  3:13  Supply Depot  
  31  3:29  SCV  
  29  3:38  Starport Reactor  
  29  3:41  SCV  
  29  3:43  Barracks  
  29  3:48  Barracks Tech Lab  
  29  3:53  SCV  
  29  3:54  Factory Tech Lab  
  29  4:05  SCV  
  30  4:10  Orbital Command  
  30  4:16  Liberator  
  28  4:17  SCV  
  28  4:20  Medivac  
  33  4:26  Stimpack  
  33  4:29  SCV  
  33  4:30  Marauder  
  36  4:32  Factory Reactor  
  36  4:37  SCV, Supply Depot  
  38  4:41  SCV  
  39  4:48  Barracks Reactor  
  39  4:50  SCV  
  39  4:51  Marauder  
  42  4:53  SCV  
  42  4:58  Engineering Bay, Barracks, Medivac  
  45  5:02  SCV  
  45  5:06  SCV  
  47  5:14  SCV  
  48  5:17  Medivac  
  48  5:18  SCV, Factory Tech Lab  
  48  5:19  Barracks  
  51  5:25  Marine x2  
  51  5:26  Refinery, Marauder, SCV  
  51  5:27  Medivac  
  58  5:30  SCV  
  58  5:34  Supply Depot  
  59  5:39  Refinery  
  59  5:43  Marine x2  
  59  5:45  SCV  
  59  5:47  Supply Depot  
  62  5:50  Supply Depot  
  62  5:53  Medivac  
  62  5:56  SCV  
  62  6:00  SCV  
  62  6:03  Marauder x2, Marine x2  
  69  6:08  Terran Infantry Weapons Level 1  
  69  6:15  SCV x2  
  71  6:20  Marine  
  71  6:21  Marine  
  71  6:24  Marauder  
  75  6:30  SCV  
  76  6:34  Combat Shield  
  76  6:35  Concussive Shells  
  76  6:37  Marine, Medivac  
  76  6:38  Command Center, Marine  
  80  6:46  Marauder  
  82  6:51  Engineering Bay  
  82  6:54  SCV  
  82  6:55  Armory  
  82  6:56  Marauder  
  85  7:02  Marine  
  85  7:05  Supply Depot  
  86  7:09  Supply Depot  
  86  7:17  Supply Depot  
  86  7:18  Terran Infantry Armor Level 1  
  86  7:27  Marauder, SCV, Marine x3  
  92  7:34  Supply Depot  
  92  7:38  SCV  
  92  7:39  SCV  
  94  7:45  Marine x3  
  94  7:46  Command Center  
  97  7:52  Marine  
  97  7:57  SCV  
  97  7:58  SCV  
  100  8:00  Missile Turret  
  100  8:02  Marine x3  
  103  8:10  Missile Turret x2  
  103  8:14  Missile Turret  
  103  8:23  Marine x3  
  103  8:24  Marauder  
  108  8:31  Sensor Tower  
  108  8:33  SCV  
  109  8:34  Planetary Fortress  
  109  8:37  SCV  
  109  8:41  Marauder, Marine x2  
  112  8:44  Marine  
  112  8:45  Terran Infantry Weapons Level 2, SCV  
  116  8:49  SCV  
  116  8:58  Marine  
  116  8:59  Marine  
  116  9:02  SCV, Marine  
  120  9:03  Marauder  
  121  9:11  SCV x2  
  121  9:14  SCV, Barracks, Orbital Command  
  121  9:15  Barracks  
  124  9:17  Missile Turret  
  124  9:23  SCV  
  114  9:34  Marine  
  114  9:35  Marauder, Marine x2  
  114  9:36  Terran Infantry Armor Level 2, SCV  
  119  9:38  Medivac x2  
  123  9:50  Starport  
  123  9:52  Marine x2  
  123  9:53  Marine  
  123  9:57  Marauder  
  128  10:01  Marine x4  
  132  10:08  Viking x2  
  132  10:11  Marauder  
  132  10:12  Marine x2  
  130  10:18  Marauder, Marine  
  130  10:19  Marine  
  123  10:26  Missile Turret  
  123  10:28  Missile Turret  
  120  10:32  Marauder, Missile Turret x2  
  119  10:37  Barracks Tech Lab x2  
  119  10:38  Viking x2  
  119  10:42  SCV x3  
  126  10:49  Starport Reactor  
  126  10:56  SCV  
  126  10:57  SCV  
  128  11:08  Viking x2  
  128  11:12  Command Center  
  123  11:22  SCV x3  
  123  11:24  Refinery  
  125  11:33  Marine x3  
  125  11:34  Marauder x2, SCV  
  133  11:41  Marine  
  133  11:44  Marauder, Marine  
  133  11:45  Medivac  
  126  11:51  Marine x3  
  129  11:55  Marauder  
  129  11:56  Marauder, Terran Infantry Weapons Level 3  
  129  11:57  Command Center  
  133  12:05  Supply Depot  
  133  12:07  Supply Depot  
  133  12:08  Supply Depot  
  133  12:15  Marine  
  133  12:16  Marine  
  133  12:17  Marauder  
  120  12:23  Marine x4  
  120  12:24  Marauder  
  126  12:33  Marine  
  126  12:34  Marauder  
  123  12:39  Marauder  
  123  12:40  Marine  
  123  12:41  Marauder, Marine x2  
  128  12:44  Marine  
  128  12:46  SCV x2  
  128  12:49  Refinery  
  131  12:51  Marine  
  131  12:55  Marauder, Viking x4  
  140  12:58  Marine  
  140  13:04  SCV x2  
  143  13:10  Barracks  
  143  13:11  SCV  
  143  13:12  Barracks, SCV  
  137  13:24  SCV x2  
  137  13:26  Orbital Command  
  137  13:31  SCV  
  137  13:32  Orbital Command  
  136  13:36  SCV x2  
  133  13:43  Barracks  
  133  13:46  Starport Tech Lab  
  123  13:54  Marine x3  
  123  13:55  Marauder x4, Marine  
  135  14:01  Barracks Tech Lab x2  
  135  14:02  SCV x2  
  137  14:03  SCV x2  
  139  14:12  Marine x2  
  139  14:16  Marauder x2  
  137  14:18  Marine  
  137  14:19  Marine x4  
  137  14:20  Marauder  
  144  14:30  Marine x2  
  146  14:36  Marine x2  
  146  14:37  Marauder x3, Marine  
  146  14:38  Marauder, Viking x2  
  160  14:40  Marine  
  160  14:45  Viking  
  159  14:48  Marine x2  
  159  14:49  Missile Turret  
  159  14:51  Missile Turret  
  145  14:54  Marine x2  
  145  14:55  Marauder  
  145  14:58  Marine x2  
  137  15:02  Marine x2  
  137  15:03  Marauder, SCV x2  
  137  15:06  Refinery  
  131  15:08  Viking x2  
  131  15:13  Marine  
  131  15:14  Marine x2  
  132  15:15  Viking  
  132  15:16  Marauder  
  132  15:17  SCV x2  
  137  15:32  SCV  
  138  15:40  Viking x2  
  138  15:41  Command Center  
  142  15:45  Raven  
  140  16:04  SCV x2  
  131  16:16  Viking x2  
  131  16:18  Marauder x2, Marine x4  
  118  16:28  Viking  
  118  16:32  Missile Turret  
  113  16:46  Viking, SCV x3  
  115  16:51  Refinery  
  115  17:01  Command Center  
  115  17:04  Command Center  
  115  17:09  Factory  
  115  17:10  Drilling Claws  
  115  17:13  Widow Mine  
  92  17:39  Widow Mine  
  86  17:54  Marauder, Marine x4  
  86  17:55  Marauder x2  
  77  18:00  Widow Mine  
  63  18:09  Factory Reactor  
  63  18:11  SCV  
  63  18:12  SCV  
  65  18:16  Planetary Fortress  
  65  18:18  Missile Turret  
  66  18:20  Missile Turret x2, SCV  
  66  18:21  Planetary Fortress  
  66  18:22  Widow Mine  
  66  18:23  SCV, Marine  
  66  18:24  SCV  
  70  18:45  Marine x2  
  70  18:46  Marauder x2, Marine  
  75  18:53  SCV x4  
  59  19:41  SCV x2  
  59  19:42  SCV  
  59  19:43  Refinery  
  59  19:45  Refinery  
  62  19:49  Marine x2  
  62  19:50  Marauder x2, Marine x4  
  62  19:51  Marauder  
  74  19:57  Command Center  
  74  19:59  Ghost Academy  
  74  20:02  Ghost Academy, SCV  
  74  20:03  SCV x2  
  74  20:04  Marine  
  78  20:07  Marine  
  70  20:33  Ghost x2  
  70  20:34  Ghost x2  
  70  20:35  Marine x3  
  77  20:36  Marauder, Medivac  
  82  20:49  Ghost  
  82  20:50  Personal Cloaking  
  76  21:14  SCV  
  71  21:33  Ghost x3  
  71  21:34  Barracks Reactor  
  77  21:45  Ghost x2  
  81  22:01  Ghost  
  81  22:02  Marine x3  
  86  22:12  Marine x2  
  86  22:13  Marauder, Marine  
  81  22:26  Raven  
  81  22:41  SCV  
  81  22:42  Command Center  
  77  23:09  Raven, Command Center  
  79  23:15  Medivac x2  
  83  23:29  Marauder x2  
  87  23:52  SCV x2  
  87  23:53  SCV  
  90  23:56  Marine  
  90  24:01  Missile Turret  
  91  24:03  Missile Turret  
  63  24:57  Orbital Command x2  
Tags
 
Add a new tag
Caveats
  • Supply blocks, unpowered buildings, or Contaminate may cause inaccurate times.
  • Supply counts are checked every 10 seconds.